 Dungeon Crawl Stone Soup version 0.18-a0-1805-g8ab820f (webtiles) character file.

197 Foomius the Grave Robber (level 5, -2/38 HPs)
             Began as a Demonspawn Necromancer on Apr 24, 2016.
             Slain by a quokka (5 damage)
             ... summoned by Eustachio
             ... on level 4 of the Dungeon on Apr 26, 2016.
             The game lasted 00:37:58 (1994 turns).

Foomius the Grave Robber (Demonspawn Necromancer)   Turns: 1994, Time: 00:37:59

Health: -2/38      AC:  3    Str:  7 (8)  XL:     5   Next: 46%
Magic:  1/10       EV: 12    Int: 16 (18) God:
Gold:   122        SH:  0    Dex: 10 (15) Spells: 4 memorised, 2 levels left

rFire  . . .     SeeInvis .     s - +0 long sword
rCold  . . .     Gourm    .     a - +0 robe
rNeg   . . .     Faith    .     (no shield)
rPois  .         Spirit   .     (no helmet)
rElec  .         Dismiss  .     (no cloak)
rCorr  .         Reflect  .     l - +0 pair of gloves
SustAt .         Harm     .     (no boots)
MR     .....                    (no amulet)
Stlth  ++........               (no ring)
                                (no ring)

@: not resistant to hostile enchantments, unstealthy
A: hooves 1, thin skeletal structure 1
a: no special abilities


You were on level 4 of the Dungeon.
You were not hungry.

You visited 1 branch of the dungeon, and saw 4 of its levels.

You collected 122 gold pieces.

Inventory:

Hand Weapons
 s - a +0 long sword (weapon)
Missiles
 f - 93 stones (quivered)
Armour
 a - a +0 robe (worn)
 i - a +0 ring mail
 l - a +0 pair of gloves (worn)
Scrolls
 j - 2 scrolls of identify
 k - a scroll of teleportation
 n - a scroll of recharging {unknown}
Potions
 e - a potion of cancellation
Books
 b - a book of Necromancy

   Spells                             Type                      Level
   a - Pain                           Necromancy                   1
   b - Animate Skeleton               Necromancy                   1
   c - Vampiric Draining              Necromancy                   3
   d - Regeneration                   Charms/Necromancy            3
   e - Animate Dead                   Necromancy                   4
   f - Control Undead                 Necromancy                   4
Comestibles
 c - 2 bread rations
 d - 2 fruits
 h - a slice of pizza
 t - a meat ration


   Skills:
 + Level 1.8 Fighting
 - Level 1.7 Dodging
 + Level 2.8 Stealth
 + Level 3.4 Spellcasting
 + Level 5.5 Necromancy


You had 2 spell levels left.
You knew the following spells:

 Your Spells              Type           Power        Failure   Level  Hunger
a - Pain                  Necr           ###.         1%          1    None
b - Animate Skeleton      Necr           N/A          1%          1    None
g - Regeneration          Chrm/Necr      ##........   17%         3    ###....
v - Vampiric Draining     Necr           ###.......   8%          3    ###....


Dungeon Overview and Level Annotations

Branches:
Dungeon (4/15)
 Temple: D:4-7

Altars:
Kikubaaqudgha
Qazlal
Trog
Zin
The Shining One

Annotations:
D:3 Natasha, Sigmund
D:4 Eustachio


Innate Abilities, Weirdness & Mutations

You have large cloven feet.
You have a somewhat thin skeletal structure (Dex +2, Stealth).


Message History

Unknown command.
Casting: Pain
Confirm with . or Enter, or press ? or * to list all spells.
Aiming: Pain
Press: ? - help, Shift-Dir - straight line, f/p - Eustachio
Aim: Eustachio, wielding a rapier and wearing a runed leather armour (almost dead, chance to defeat MR: 80%)
Okay, then.
The crimson imp blinks!
The quokka closely misses you.
Casting: Pain
Confirm with . or Enter, or press ? or * to list all spells.
Aiming: Pain
Press: ? - help, Shift-Dir - straight line, f/p - Eustachio
Aim: Eustachio, wielding a rapier and wearing a runed leather armour (almost dead, chance to defeat MR: 80%) Eustachio barely resists.
The river rat misses you. The quokka bites you.
Eustachio hits you with a rapier!
* * * LOW HITPOINT WARNING * * *
You completely miss Eustachio.
Eustachio is almost dead.
The quokka bites you.
You die...

##...............##..#
##..........(....##..##
#............_...#....#
#........5...(...#....#
#......................#
#.............⌠........#
#............(......##.#
##........@r_..._...# ##
###.....@r........##
##....rr5....####
#...######### #.## #.


You could see Eustachio, a crimson imp, a river rat, an ufetubus, a quokka and 2
rats.

Vanquished Creatures
  A water moccasin (D:4)
  A hound (D:4)
  2 adders (D:2)
  An ooze (D:4)
  An adder skeleton (D:4)
  3 worms
  A giant gecko (D:2)
  5 bats
  3 giant cockroaches
  4 goblins
  4 hobgoblins
  5 giant newts
  A kobold (D:1)
  4 rats
36 creatures vanquished.

Notes
Turn   | Place    | Note
--------------------------------------------------------------
     0 | D:1      | Foomius the Demonspawn Necromancer began the quest for the Orb.
     0 | D:1      | Reached XP level 1. HP: 13/13 MP: 3/3
   460 | D:1      | Gained mutation: You have a somewhat thin skeletal structure (Dex +2, Stealth). [demonic ancestry]
   460 | D:1      | Reached XP level 2. HP: 18/19 MP: 3/5
   793 | D:2      | Reached XP level 3. HP: 17/24 MP: 0/7
   841 | D:2      | Learned a level 3 spell: Regeneration
   853 | D:2      | Learned a level 3 spell: Vampiric Draining
   900 | D:2      | Found a glowing golden altar of the Shining One.
  1034 | D:2      | Reached skill level 5 in Necromancy
  1385 | D:3      | Noticed Sigmund
  1453 | D:3      | Learned a level 1 spell: Animate Skeleton
  1481 | D:3      | Noticed Natasha
  1537 | D:3      | Found a bloodstained altar of Trog.
  1724 | D:4      | Noticed a water moccasin
  1735 | D:4      | Killed a water moccasin
  1735 | D:4      | Reached skill level 1 in Fighting
  1735 | D:4      | Reached XP level 4. HP: 6/32 MP: 0/9
  1735 | D:4      | Gained mutation: You have large cloven feet. [demonic ancestry]
  1735 | D:4      | Reached XP level 5. HP: 8/37 MP: 0/10
  1736 | D:4      | Upgraded the game from 0.18-a0-1800-gdc7a371 to 0.18-a0-1805-g8ab820f
  1823 | D:4      | Found a glowing silver altar of Zin.
  1842 | D:4      | Found an ancient bone altar of Kikubaaqudgha.
  1851 | D:4      | Found a stormy altar of Qazlal.
  1871 | D:4      | Noticed Eustachio
  1994 | D:4      | Slain by a quokka

Vault maps used:
D:1:      dpeg_arrival_more_subterranean_lakeside_camping, lemuel_another_geyser
D:2:      tso_metal_star
D:3:      ashenzari_conservatory_becter, bloody_trog, uniq_natasha, uniq_sigmund
D:4:      grunt_temple_overflow_open, serial_shops, kennysheep_mini,
          fedhas_altar_4, uniq_eustachio

Skill      XL: |  1  2  3 |
---------------+----------+-----
Necromancy     | 5 |  5.5
Spellcasting   | 3 |  3.4
Fighting       | 1 |  1.8
Stealth        | 2 |  2.8
Dodging        | |  1.7

Action                   |  1- 3 |  4- 6 || total
-------------------------+-------+-------++-------
Melee: Mace              |    33 |       ||    33
       Club              |     1 |       ||     1
       Long sword        |    17 |    21 ||    38
Throw: Tomahawk          |     9 |     6 ||    15
       Stone             |     2 |     2 ||     4
 Cast: Pain              |    44 |     5 ||    49
       Vampiric Draining |     2 |     5 ||     7
       Regeneration      |     2 |     3 ||     5
       Animate Skeleton  |     1 |     1 ||     2
  Use: Potion            |       |     5 ||     5
       Scroll            |       |     1 ||     1
 Stab: Sleeping          |     5 |       ||     5
  Eat: Chunk             |     3 |     2 ||     5
Armor: Robe              |    13 |     5 ||    18
       Skin              |       |   125 ||   125
Dodge: Dodged            |    41 |    30 ||    71
